 Dungeon Crawl Stone Soup version 0.28.0-45-g0d030f2227 (webtiles) character file.

Game seed: 15678769646381785703

21439 MisterFreud the Cleaver (level 12, -1/110 HPs)
             Began as a Ghoul Gladiator on Apr 3, 2022.
             Was an Elder of Makhleb.
             Slain by a red ugly thing (5 damage)
             ... on level 13 of the Dungeon.
             The game lasted 00:21:39 (15779 turns).

MisterFreud the Cleaver (Ghoul Gladiator)          Turns: 15779, Time: 00:21:39

Health: -1/110     AC: 22    Str: 21    XL:     12   Next: 90%
Magic:  15/15      EV: 11    Int:  5    God:    Makhleb [****..]
Gold:   938        SH:  0    Dex: 10    Spells: 11/11 levels left

rFire   . . .      SeeInvis +   A - +1 hand axe (vamp)
rCold   + . .      Faith    .   (no shield)
rNeg    + + +      Spirit   .   y - +4 ring mail {Will+}
rPois   ∞          Reflect  .   D - +1 helmet
rElec   .          Harm     .   N - +0 cloak
rCorr   .          Rampage  .   (no gloves)
Will    +....                   Y - +2 pair of boots
Stlth   +.........              (no amulet)
HPRegen 0.00/turn               q - ring of the Queen {AC+4 Stlth+}
MPRegen 0.14/turn               P - ring of see invisible

@: inhibited regen, studying Translocations
A: claws 1, cold resistance 1, negative energy resistance 3, inhibited
regeneration, torment resistance 2
a: Renounce Religion, Minor Destruction, Lesser Servant of Makhleb, Major
Destruction


You were on level 13 of the Dungeon.
You worshipped Makhleb.
Makhleb was greatly pleased with you.
You visited 3 branches of the dungeon, and saw 15 of its levels.
You also visited: Bailey.

You collected 938 gold pieces.

Inventory:

Hand Weapons
 h - a +5 antimagic battleaxe
 s - a +0 flail of protection
 A - a +1 vampiric hand axe (weapon)
 I - a +4 hand axe
 T - a +0 broad axe
Missiles
 d - 5 throwing nets (quivered)
 w - 3 curare-tipped darts
 K - 29 boomerangs
 L - 2 silver boomerangs
 U - 3 poisoned darts
Armour
 n - a +0 chain mail
 y - a +4 ring mail of willpower (worn)
 D - a +1 helmet (worn)
 F - a +0 pair of boots
 H - a +0 kite shield
 N - a +0 cloak (worn)
 S - a +1 pair of boots of flying
 Y - a +2 pair of boots (worn)
Jewellery
 a - a ring of fire
 l - a ring of resist corrosion
 o - a +4 ring of protection
 q - the ring of the Queen (left claw) {AC+4 Stlth+}
   (You found it on level 4 of the Dungeon)

   [ring of protection]

   AC:        It affects your AC (+4).
   Stlth:     It makes you more stealthy.
 u - a ring of willpower
 B - a ring of willpower
 P - a ring of see invisible (right claw)
 V - a +6 ring of strength
Wands
 c - a wand of charming (6)
 m - a wand of mindburst (16)
 x - a wand of iceblast (13)
 G - a wand of digging (3)
 M - a wand of polymorph (8)
 R - a wand of flame (5)
Scrolls
 k - a scroll of fear
 p - a scroll of teleportation
 r - 2 scrolls of vulnerability
 v - 2 scrolls of enchant weapon {unknown}
 C - a scroll of fog {unknown}
 E - a scroll of enchant armour {unknown}
 W - a scroll of immolation {unknown}
 Z - a scroll of summoning {unknown}
Potions
 b - a potion of cancellation {unknown}
 e - 2 potions of curing
 f - 3 potions of heal wounds
 g - a potion of might
 i - 2 potions of brilliance
 j - 5 potions of flight
 t - a potion of attraction
 z - a potion of lignification {unknown}
 O - a potion of degeneration
 X - 2 potions of resistance
Miscellaneous
 Q - a piece from Xom's chessboard (15/15)


   Skills:
 + Level 11.6 Fighting
 + Level 14.5 Axes
 - Level 1.7 Throwing
 - Level 10.0 Armour
 - Level 2.6 Dodging
 + Level 6.1 Invocations


You had 11 spell levels left.
You didn't know any spells.
Your spell library was empty.

Dungeon Overview and Level Annotations

Branches:
Dungeon (13/15)            Temple (1/1) D:7            Lair (0/6) D:10
    Orc (1/2) D:10         Bailey (visited)
 Vaults: D:13-14

Altars:
Cheibriados
Dithmenos
Elyvilon
Fedhas
Gozag
Kikubaaqudgha
Makhleb
Nemelex Xobeh
Okawaru
Qazlal
Ru
Sif Muna
Trog
Uskayaw
Vehumet
Wu Jian
Xom
Yredelemnul
Zin
The Shining One

Annotations:
D:9 exclusion: oklob plant


Innate Abilities, Weirdness & Mutations

You thrive by killing the living.
You are immune to poison.
You have sharp fingernails.
Your flesh is cold resistant. (rC+)
You are immune to negative energy. (rN+++)
You do not regenerate when monsters are visible.
You are immune to unholy pain and torment.


Message History

The red ugly thing punches you but does no damage.
You barely miss the red ugly thing.
The red ugly thing is heavily wounded.
You hit the red ugly thing.
The red ugly thing is heavily wounded.
The red ugly thing punches you but does no damage.
You barely miss the red ugly thing.
The red ugly thing is heavily wounded.
The red ugly thing punches you.
You are engulfed in flames!
You barely miss the red ugly thing.
The red ugly thing is heavily wounded.
You hit the red ugly thing but do no damage.
The red ugly thing is heavily wounded.
The red ugly thing punches you.
You are engulfed in flames!!
You hit the red ugly thing but do no damage.
The red ugly thing is heavily wounded.
You hit the red ugly thing but do no damage.
The red ugly thing is heavily wounded.
The red ugly thing punches you but does no damage.
You barely miss the red ugly thing.
The red ugly thing is heavily wounded.
The red ugly thing punches you.
You are engulfed in flames!
You closely miss the red ugly thing.
The red ugly thing is heavily wounded.
You slash the red ugly thing!
You feel better.
The red ugly thing is severely wounded.
The red ugly thing punches you!
You are engulfed in flames!!
* * * LOW HITPOINT WARNING * * *
You closely miss the red ugly thing.
The red ugly thing is severely wounded.
You hit the red ugly thing.
You feel better.
The red ugly thing is severely wounded.
The red ugly thing punches you.
* * * LOW HITPOINT WARNING * * *
You are engulfed in flames!!
* * * LOW HITPOINT WARNING * * *
You hit the red ugly thing.
You feel better.
The red ugly thing is severely wounded.
The red ugly thing punches you.
You die...

#...# #...###########
###.............# ..
.........#####..######...
+####....# #...........
#....# #...........
#....# #...........
#....# #....##'####
#....#####..@.# ..
#........>..u.# ...
####.............# .#
...............### #
...............#
.<.............#
...............#
##########......#####
.........#...........


You could see a red ugly thing.

Vanquished Creatures
  A boulder beetle (D:12)
  A centaur warrior (D:10)
  5 two-headed ogres
  A deep elf pyromancer (D:12)
  An ugly thing (D:12)
  An orc knight (Bailey)
  A manticore (D:11)
  A cyclops (D:12)
  A gargoyle (D:13)
  An unseen horror (D:13)
  5 trolls
  3 slime creatures (D:12)
  Sigmund (D:5)
  2 shadows
  A wyvern (D:8)
  19 yaks
  A basilisk (D:12)
  Grum (D:11)
  2 vampire mosquitoes (D:11)
  Menkaure (D:7)
  2 acid dragons (D:12)
  Duvessa (D:7)
  2 water moccasins
  10 orc warriors
  An ice beast (D:5)
  3 black bears
  4 ogres
  A necrophage (D:5)
  6 centaurs
  3 wolves (D:11)
  A phantom (D:5)
  Blork the orc (D:5)
  5 bullfrogs
  A kobold brigand (D:9)
  5 gnoll sergeants
  2 scorpions
  A wyvern skeleton (D:5)
  Dowan (D:7)
  11 killer bees
  14 wights
  4 centaur zombies
  2 bullfrog zombies
  A hound (D:4)
  9 jellies
  A gnoll shaman (D:5)
  7 orc priests
  A bullfrog skeleton (D:4)
  3 centaur skeletons
  7 iguanas
  Jessica (D:2)
  11 orc wizards
  Ijyb (D:3)
  A hound skeleton (D:5)
  2 howler monkey zombies (D:6)
  10 adders
  33 gnolls
  A worm (D:3)
  53 orcs
  7 bats
  17 endoplasms
  4 giant cockroaches (D:1)
  8 goblins
  9 hobgoblins
  4 jackals (D:3)
  21 kobolds
  3 quokkas
  9 ball pythons
  2 frilled lizards (D:3)
  5 rats
  A bush (D:7)
363 creatures vanquished.

Vanquished Creatures (others)
  5 fungi (D:9)
5 creatures vanquished.

Grand Total: 368 creatures vanquished

Notes
Turn   | Place    | Note
-------+----------+-------------------------------------------
     0 | D:1      | MisterFreud the Ghoul Gladiator began the quest for the
                  | Orb.
     0 | D:1      | Reached XP level 1. HP: 17/17 MP: 0/0
   138 | D:1      | Reached skill level 3 in Axes
   169 | D:1      | Reached XP level 2. HP: 24/24 MP: 1/1
   705 | D:1      | Reached XP level 3. HP: 28/29 MP: 2/2
  1076 | D:2      | Reached skill level 4 in Axes
  1101 | D:2      | Reached XP level 4. HP: 14/36 MP: 3/3
  1301 | D:2      | Noticed Jessica
  1307 | D:2      | Killed Jessica
  1592 | D:2      | Found a faded altar of an unknown god.
  2133 | D:3      | Noticed Ijyb
  2468 | D:3      | Killed Ijyb
  2469 | D:3      | Reached skill level 5 in Axes
  2469 | D:3      | Reached XP level 5. HP: 29/41 MP: 4/4
  3434 | D:4      | Noticed an ogre
  3756 | D:4      | Found a hide-covered altar of Uskayaw.
  3768 | D:4      | Reached XP level 6. HP: 20/48 MP: 5/5
  3995 | D:4      | Identified the ring of the Queen {AC+4 Stlth+}
  4038 | D:4      | Reached skill level 6 in Axes
  5004 | D:4      | Reached skill level 7 in Axes
  5004 | D:4      | Reached XP level 7. HP: 55/55 MP: 6/6
  5106 | D:4      | HP: 1/55 [ogre/+0 giant club (17)]
  5496 | D:5      | Entered Level 5 of the Dungeon
  5805 | D:5      | Reached skill level 8 in Axes
  5852 | D:5      | Reached skill level 10 in Axes
  5852 | D:5      | Reached XP level 8. HP: 74/74 MP: 7/7
  5853 | D:5      | Reached skill level 13 in Axes
  5853 | D:5      | Reached XP level 9. HP: 81/81 MP: 8/8
  6138 | D:5      | Noticed Blork the orc
  6147 | D:5      | Killed Blork the orc
  6355 | D:5      | Noticed Sigmund
  6370 | D:5      | Killed Sigmund
  6371 | D:5      | Reached XP level 10. HP: 65/88 MP: 9/9
  8079 | D:7      | Found a staircase to the Ecumenical Temple.
  8089 | Temple   | Entered the Ecumenical Temple
  8177 | Temple   | Became a worshipper of Makhleb the Destroyer
  8405 | D:7      | Noticed Menkaure
  8415 | D:7      | Killed Menkaure
  9007 | D:7      | Noticed Duvessa
  9059 | D:7      | Killed Duvessa
  9073 | D:7      | Found a shimmering blue altar of Sif Muna.
  9084 | D:7      | Noticed Dowan
  9121 | D:7      | Killed Dowan
  9525 | D:8      | Noticed a two-headed ogre
  9546 | D:8      | Killed a two-headed ogre
  9546 | D:8      | Reached * piety under Makhleb
  9547 | D:8      | Reached skill level 14 in Axes
  9547 | D:8      | Reached XP level 11. HP: 52/94 MP: 10/10
  9870 | D:8      | Noticed a two-headed ogre
  9895 | D:8      | Killed a two-headed ogre
 10369 | D:8      | Reached ** piety under Makhleb
 10612 | D:9      | Noticed an oklob plant
 10807 | D:9      | Reached *** piety under Makhleb
 10873 | D:9      | Found a flagged portal.
 10884 | Bailey   | Entered a bailey
 10892 | Bailey   | Noticed an orc knight
 10932 | Bailey   | Reached skill level 10 in Armour
 11046 | Bailey   | Killed an orc knight
 11895 | D:9      | Reached **** piety under Makhleb
 12101 | D:10     | Entered Level 10 of the Dungeon
 12262 | D:10     | Found a staircase to the Lair.
 12278 | D:10     | Noticed a centaur warrior
 12312 | D:10     | Killed a centaur warrior
 12329 | D:10     | Found a staircase to the Orcish Mines.
 12395 | D:10     | Reached skill level 5 in Invocations
 12460 | D:10     | Reached XP level 12. HP: 101/101 MP: 15/15
 12628 | D:10     | Noticed a two-headed ogre
 12644 | D:10     | Killed a two-headed ogre
 13369 | Orc:1    | Entered Level 1 of the Orcish Mines
 13437 | D:11     | Noticed a two-headed ogre
 13458 | D:11     | Killed a two-headed ogre
 13459 | D:11     | Reached skill level 10 in Fighting
 13583 | D:11     | Noticed Grum
 13617 | D:11     | Killed Grum
 13782 | D:11     | Noticed an eight-headed hydra
 13813 | D:10     | Identified a scroll of acquirement
 13813 | D:10     | Acquired a +5 antimagic battleaxe
 14015 | D:11     | Found a shimmering altar of Xom.
 14371 | D:12     | Noticed a two-headed ogre
 14379 | D:12     | Killed a two-headed ogre
 14619 | D:12     | Reached ***** piety under Makhleb
 14697 | D:12     | Noticed a boulder beetle
 14738 | D:12     | HP: 2/110 [boulder beetle (12)]
 14756 | D:12     | Killed a boulder beetle
 15778 | D:13     | HP: 3/110 [red ugly thing (19)]
 15779 | D:13     | Slain by a red ugly thing

Illustrated notes

Levels and vault maps discovered:
D:1:      saegor_arrival_simple_e, layout_basic
D:2:      layout_basic, chequers_ecumenical_altar_island, minivault_27,
          uniq_jessica
D:3:      layout_basic, guppyfry_early_lair_pool, uniq_ijyb
D:4:      layout_loops_corners, nicolae_uskayaw_dance_hall,
          minmay_misc_feat_roman, nicolae_concentric_dashed_squares_wild,
          minmay_checkerbox
D:5:      layout_loops_ring, amethyst_killhole, uniq_sigmund, uniq_blork_the_orc
D:6:      hangedman_cross_stitches, layout_basic, lightli_orcish_oven
D:7:      layout_gridville, mainiacjoe_overflow_concentric_impassable,
          minmay_temple_entry_stoned_glass, grunt_decor_fettered,
          kb_lookout_dungeons_type, uniq_duvessa, uniq_menkaure
D:8:      layout_loops_ring, special_room [special_room_orc]
D:9:      lemuel_slime, layout_cave_pods, enter_bailey_6,
          kennysheep_generic_room_10
D:10:     layout_stronghold, lair_entry_dummy, orc_0_dummy
D:11:     layout_small_grid, brannock_xom_greatest_gift, uniq_grum
D:12:     layout_long_grid, minmay_misc_feat_enclosed, uniq_rupert
D:13:     layout_irregular_city, david_vaults_4, minivault_21
Temple:   regret_index_temple_chain_breaker
Orc:1:    lemuel_ogre_cave, layout_diamond_mine, serial_shops, shop_coins,
          uniq_fannar, uniq_jorgrun

Skill      XL: |  1  2  3  4  5  6  7  8  9 10 11 12 |
---------------+-------------------------------------+-----
Axes           | 3 4 5 7 10 13 14 | 14.5
Fighting       | 8 11 | 11.6
Armour         | 6 8 10 | 10.0
Invocations    | 5 6 |  6.1
Throwing       | |  1.7
Dodging        | |  2.6

Action                   |  1- 3 |  4- 6 |  7- 9 | 10-12 || total
-------------------------+-------+-------+-------+-------++-------
Melee: War axe           |    84 |   201 |   120 |    98 ||   503
       Punch             |     1 |       |     1 |    36 ||    38
       Hand axe          |       |       |       |  1475 ||  1475
       Battleaxe         |       |       |       |    83 ||    83
       Flail             |       |       |       |     8 ||     8
Throw: Dart              |       |       |       |     2 ||     2
Invok: Major Destruction |       |       |       |     3 ||     3
       Minor Destruction |       |       |       |     1 ||     1
Evoke: Wand              |       |       |       |     2 ||     2
  Use: Potion            |     2 |       |     2 |     3 ||     7
       Scroll            |       |     4 |     2 |     9 ||    15
 Stab: Sleeping          |       |     5 |       |     3 ||     8
Armor: Leather armour    |    32 |    80 |    45 |       ||   157
       Chain mail        |       |       |    14 |    57 ||    71
       Ring mail         |       |       |       |   793 ||   793
Dodge: Dodged            |    73 |   189 |    72 |   756 ||  1090
